 Dungeon Crawl Stone Soup version 0.29-a0-802-g34511f41fd (webtiles) character file.

Game seed: 5980620433313536213

4060 avis the Chiller (level 9, -5/75 HPs)
             Began as a Demigod Ice Elementalist on July 3, 2022.
             Slain by a large slime creature (26 damage)
             ... on level 7 of the Dungeon.
             The game lasted 01:05:35 (10011 turns).

avis the Chiller (Demigod Ice Elementalist)        Turns: 10011, Time: 01:05:36

Health: -5/75      AC: 16    Str:  9    XL:     9   Next: 76%
Magic:  21/21      EV: 17    Int: 17    God:
Gold:   408        SH:  0    Dex: 32    Spells: 13/20 levels left

rFire   . . .      SeeInvis .   a - +0 falchion (flame)
rCold   . . .      Faith    .   (no shield)
rNeg    . . .      Spirit   .   z - +0 steam dragon scales
rPois   .          Reflect  .   m - +0 helmet
rElec   .          Harm     .   q - +0 cloak
rCorr   .          Rampage  .   (no gloves)
Will    .....                   u - +0 pair of boots
Stlth   ++++......              I - amulet of magic regeneration
HPRegen 0.22/turn               h - +6 ring of dexterity
MPRegen 0.57/turn               (no ring)

@: ice-armoured
A: high MP 1, forlorn, divine attributes
a: no special abilities


You were on level 7 of the Dungeon.
You visited 1 branch of the dungeon, and saw 7 of its levels.
You also visited: Sewer.

You collected 520 gold pieces.
You spent 112 gold pieces at shops.

Inventory:

Hand Weapons
 a - a +0 falchion of flaming (weapon)
 b - a +1 sling of flaming
 g - a +0 dire flail of distortion
 l - a +0 great sword
 r - the +8 trident "Sint" {venom, rC+ rN+ MP-9 SInv}
   (You found it on level 2 of the Dungeon)

   It poisons the flesh of those it strikes.
   rC:        It protects you from cold.
   rN:        It protects you from negative energy.
   MP:        It affects your magic capacity (-9).
   SInv:      It lets you see invisible.
 w - a +2 dagger of draining
 y - a +2 battleaxe
 D - a +0 shortbow
 G - a +2 sling of flaming
 H - a +2 quarterstaff of chaos
 K - a +2 whip of freezing
 M - a +2 war axe
 O - a +1 sling
 Q - a +3 dagger of speed
 S - a +1 spear of flaming
 X - a +2 scimitar
 Y - a +0 mace of holy wrath
Missiles
 s - 11 poisoned darts
 B - a throwing net
 N - 2 boomerangs
Armour
 d - a +0 leather armour
 i - an orb of guile
 m - a +0 helmet (worn)
 q - a +0 cloak (worn)
 u - a +0 pair of boots (worn)
 z - +0 steam dragon scales (worn)
 T - a +2 robe of fire resistance
Jewellery
 h - a +6 ring of dexterity (left hand)
 I - an amulet of magic regeneration (around neck)
Wands
 j - a wand of acid (5)
 F - a wand of digging (3)
 J - a wand of flame (6)
 L - a wand of mindburst (8)
 W - a wand of polymorph (3)
Scrolls
 c - a scroll of magic mapping
 e - 2 scrolls of fog {unknown}
 k - 4 scrolls of teleportation {unknown}
 t - a scroll of poison
 v - a scroll of vulnerability
 x - a scroll of immolation
 C - a scroll of blinking
 U - a scroll of acquirement {unknown}
 Z - a scroll of amnesia
Potions
 f - 3 potions of mutation
 n - 3 potions of flight
 o - a potion of ambrosia
 p - 2 potions of magic
 A - a potion of curing
 E - a potion of lignification {unknown}
 P - a potion of haste {unknown}
 R - a potion of attraction {unknown}
 V - a potion of might {unknown}


   Skills:
 * Level 5.9 Fighting
 - Level 2.0 Long Blades
 - Level 2.0 Ranged Weapons
 - Level 5.0 Armour
 - Level 5.0 Dodging
 - Level 5.0 Stealth
 - Level 6.0 Spellcasting
 - Level 6.0 Ice Magic


You had 13 spell levels left.
You knew the following spells:

 Your Spells              Type           Power      Damage    Failure   Level
a - Freeze                Ice            100%       1d11      1%          1
o - Ozocubu's Armour      Ice            25%        N/A       3%          3
r - Frozen Ramparts       Ice            50%        1d7       3%          3

Your spell library contained the following spells:

 Spells                   Type           Power      Damage    Failure   Level
 Summon Small Mammal      Summ           20%        N/A       13%         1
 Blink                    Tloc           10%        N/A       19%         2
 Call Canine Familiar     Summ           5%         N/A       36%         3
 Dazzling Flash           Conj/Hex       10%        N/A       36%         3
 Lesser Beckoning         Tloc           5%         N/A       36%         3
 Summon Guardian Golem    Hex/Summ       5%         N/A       36%         3
 Hailstorm                Conj/Ice       15%        3d5       36%         4
 Iskenderun's Mystic Bla  Conj/Tloc      5%         2d3       77%         4
 Manifold Assault         Tloc           5%         N/A       98%         5
 Starburst                Conj/Fire      2%         6d3       100%        6


Dungeon Overview and Level Annotations

Branches:
Dungeon (7/15)             Temple (0/1) D:6           Sewer (visited)

Shops:
D:5 (


Innate Abilities, Weirdness & Mutations

You have an increased reservoir of magic. (+10% MP)
You shall have no god before yourself.
Your divine heritage dramatically boosts your attributes as you level up.


Message History

The large slime creature jiggles.
The large slime creature hits you!!
Okay, then.
Aiming: Corrosive Bolt
Press: ? - help, Shift-Dir - straight line, f - large slime creature
Aim: a large slime creature (moderately wounded, 94% to hit)
The bolt of acid hits the large slime creature!
The acid corrodes the large slime creature!
The large slime creature is heavily wounded.
The large slime creature completely misses you.
Aiming: Throw Flame
Press: ? - help, Shift-Dir - straight line, f/p - large slime creature
Aim: a large slime creature (heavily wounded, covered in acid, 93% to hit)
Okay, then.
Aiming: Corrosive Bolt
Press: ? - help, Shift-Dir - straight line, f/p - large slime creature
Aim: a large slime creature (heavily wounded, covered in acid, 94% to hit)
The bolt of acid hits the large slime creature!
The large slime creature seems to be corroded for longer.
The large slime creature is heavily wounded.
The large slime creature hits you but does no damage.
Aiming: Corrosive Bolt
Press: ? - help, Shift-Dir - straight line, f/p - large slime creature
Aim: a large slime creature (heavily wounded, covered in acid, 94% to hit)
The bolt of acid hits the large slime creature!
The large slime creature seems to be corroded for longer.
The large slime creature is severely wounded.
The large slime creature completely misses you.
You completely miss the large slime creature.
The large slime creature is severely wounded.
The large slime creature misses you.
You hit the large slime creature. You burn the large slime creature.
You punch the large slime creature.
The large slime creature is severely wounded.
The large slime creature hits you!
* * * LOW HITPOINT WARNING * * *
You hit the large slime creature. You burn the large slime creature.
The large slime creature is severely wounded.
The large slime creature hits you!!
You die...

###.#.#.###.###..#
#.###.###.#..##..#
#.......^.##..†..#
#########...#####...#
## ..# #.#..[# ###.)
..#.. #.#...# ###
#... #.#'..# #
#.J###+.'####
#@...#....#
####'.'###.#
#..'#.#'...
#??.#.#.!$.#
#$?.#.#.[(#.
##...###### .### #5


You could see a large slime creature (corroded).

Vanquished Creatures
  A skeletal warrior (D:7)
  Pikel (D:4)
  A troll (D:6)
  Grinder (D:5)
  A slime creature (D:7)
  A shadow (D:7)
  2 steam dragons
  A vampire mosquito (D:7)
  A water moccasin (Sewer)
  3 ogres
  A centaur (D:7)
  Blork the orc (D:5)
  A necrophage (D:4)
  A scorpion (D:4)
  4 wights (D:6)
  3 howler monkeys
  4 jellies
  Crazy Yiuf (D:2)
  6 orc priests
  2 hounds (D:6)
  Jessica (D:2)
  9 orc wizards
  Ijyb (D:3)
  Robin (D:1)
  7 gnolls
  6 adders
  A river rat (D:6)
  A white imp (D:6)
  2 ufetubi (D:5)
  A worm (D:2)
  5 dart slugs
  21 orcs
  14 bats
  8 endoplasms
  5 giant cockroaches
  12 goblins
  3 hobgoblins
  5 jackals (D:3)
  6 kobolds
  2 quokkas
  16 ball pythons
  2 frilled lizards (D:2)
  7 rats
173 creatures vanquished.

Notes
Turn   | Place    | Note
-------+----------+-------------------------------------------
     0 | D:1      | avis the Demigod Ice Elementalist began the quest for the
                  | Orb.
     0 | D:1      | Reached XP level 1. HP: 14/14 MP: 5/5
    45 | D:1      | Reached skill level 1 in Fighting
   146 | D:1      | Reached XP level 2. HP: 18/23 MP: 1/7
  1071 | D:2      | Noticed Jessica
  1109 | D:2      | Killed Jessica
  1110 | D:2      | Reached XP level 3. HP: 29/29 MP: 5/8
  1115 | D:2      | Learned a level 3 spell: Ozocubu's Armour
  1289 | D:2      | Noticed Robin
  1661 | D:1      | Killed Robin
  1736 | D:2      | Reached XP level 4. HP: 36/37 MP: 5/9
  2338 | D:2      | Found a runed translucent door.
  2339 | D:2      | Noticed Crazy Yiuf
  2353 | D:2      | Killed Crazy Yiuf
  2689 | D:2      | Identified the +8 trident "Sint" {venom, rC+ rN+ MP-9 SInv}
  3323 | D:3      | Reached XP level 5. HP: 45/45 MP: 4/10
  4013 | D:2      | Reached XP level 6. HP: 41/51 MP: 0/13
  4711 | D:3      | Noticed Ijyb
  4722 | D:3      | Killed Ijyb
  4988 | D:3      | Learned a level 3 spell: Frozen Ramparts
  5870 | D:4      | Reached XP level 7. HP: 35/59 MP: 14/14
  6329 | D:4      | Noticed a steam dragon
  6345 | D:4      | Killed a steam dragon
  6599 | D:4      | Noticed Pikel
  6614 | D:4      | Killed Pikel
  6615 | D:4      | Reached skill level 5 in Fighting
  6615 | D:4      | Reached skill level 5 in Dodging
  6615 | D:4      | Reached skill level 5 in Stealth
  6615 | D:4      | Reached XP level 8. HP: 54/68 MP: 9/17
  6790 | D:4      | You fall into a shaft and drop 2 floors!
  6903 | D:6      | Found a glowing drain.
  6911 | Sewer    | Entered a sewer
  7019 | D:6      | Reached skill level 5 in Spellcasting
  7101 | D:6      | Reached skill level 5 in Ice Magic
  7380 | D:5      | Entered Level 5 of the Dungeon
  7756 | D:5      | Found Ditweyd's Antique Weapon Shop.
  7787 | D:5      | Bought a runed sling for 112 gold pieces
  7835 | D:5      | Noticed Blork the orc
  7846 | D:5      | Killed Blork the orc
  8128 | D:5      | Noticed Grinder
  8135 | D:5      | Reached skill level 1 in Ranged Weapons
  8135 | D:5      | Paralysed by Grinder for 5 turns
  8145 | D:5      | Killed Grinder
  8823 | D:6      | Noticed a troll
  8835 | D:6      | Killed a troll
  8836 | D:6      | Reached XP level 9. HP: 51/74 MP: 19/21
  8982 | D:6      | Reached skill level 1 in Long Blades
  9447 | D:6      | Found a staircase to the Ecumenical Temple.
  9678 | D:7      | Noticed a skeletal warrior
  9709 | D:7      | HP: 2/74 [skeletal warrior/+0 dire flail of distortion
                  | (17)]
  9721 | D:7      | Killed a skeletal warrior
  9722 | D:7      | Reached skill level 5 in Armour
 10011 | D:7      | Slain by a large slime creature

Illustrated notes

Levels and vault maps discovered:
D:1:      dpeg_arrival_water_temple_mockup, layout_rooms,
          amcnicky_mini_corridor_feature
D:2:      layout_basic, basic_altar, minivault_5, st_stairs_14,
          uniq_crazy_yiuf_cottage, uniq_jessica, uniq_robin
D:3:      layout_loops_cross, uniq_ijyb
D:4:      kb_forest_paths, layout_basic, minitemple, st_stairs_3, uniq_pikel
D:5:      layout_basic, serial_shops, shop_coins, uniq_blork_the_orc,
          uniq_grinder
D:6:      layout_gridville, minmay_temple_entry_from_below_a,
          gup_sewer_entry_bubbles, kennysheep_another_room
D:7:      minmay_the_grid_four_pointed_star
          [minmay_the_grid_triangle_9x9_zippers_horizontal,
          minmay_the_grid_triangle_9x9_warning,
          minmay_the_grid_triangle_9x9_minimal,
          minmay_the_grid_triangle_9x9_steps,
          minmay_the_grid_prize_four_corners], layout_basic

Skill      XL: |  1  2  3  4  5  6  7  8  9 |
---------------+----------------------------+-----
Fighting       | 1 2 3 4 5 |  5.9
Spellcasting   | 2 3 4 5 6 |  6.0
Ice Magic      | 4 6 |  6.0
Dodging        | 2 3 4 5 |  5.0
Stealth        | 2 3 4 5 |  5.0
Ranged Weapons | 2 |  2.0
Long Blades    | 2 |  2.0
Armour         | 5 |  5.0

Action                   |  1- 3 |  4- 6 |  7- 9 || total
-------------------------+-------+-------+-------++-------
Melee: Dagger            |     3 |    24 |       ||    27
       Long sword        |       |    26 |    25 ||    51
       Falchion          |       |       |    66 ||    66
       Scimitar          |       |       |     1 ||     1
       Punch             |       |       |     2 ||     2
 Fire: Sling             |       |    21 |   169 ||   190
 Cast: Freeze            |    61 |   109 |    70 ||   240
       Ozocubu's Armour  |       |    20 |    36 ||    56
Evoke: Wand              |       |       |     4 ||     4
  Use: Scroll            |       |       |    14 ||    14
       Potion            |       |       |     5 ||     5
 Stab: Sleeping          |     3 |     3 |       ||     6
Armor: Robe              |    11 |    44 |    53 ||   108
       Steam dragon scal |       |       |    22 ||    22
Dodge: Dodged            |    26 |    98 |   201 ||   325

Table legend: (Time is in decaauts)
 A = Elapsed time spent in this place.
 B = Non-inter-level travel time spent in this place.
 C = Inter-level travel time spent in this place.
 D = Time resting spent in this place.
 E = Time spent auto-exploring this place.
 F = Levels seen in this place.
 G = Mean time per level.
                   A        B        C        D        E       F      G
               +--------+--------+--------+--------+--------+-----+--------+
         Total |  10149 |   9468 |    681 |   4027 |   3101 |   8 | 1268.6 |
       Dungeon |  10067 |   9386 |    681 |   4025 |   3101 |   7 | 1438.1 |
         Sewer |     82 |     82 |      0 |      2 |      0 |   1 |   82.0 |
               +--------+--------+--------+--------+--------+-----+--------+

Top non-repeatable levels by time:
     D:2: 2261 daAuts
     D:4: 1811 daAuts
     D:3: 1599 daAuts
     D:1: 1457 daAuts
     D:6: 1443 daAuts
     D:5: 1042 daAuts
     D:7: 451 daAuts
   Sewer: 82 daAuts
